 Dungeon Crawl Stone Soup version 0.27.0-1-g7a089689b8 (webtiles) character file.

Game seed: 17766898369682257748

32 Spectrina the Sneak (level 3, -6/22 HPs)
             Began as a Deep Elf Monk on Aug 12, 2021.
             Killed from afar by an oklob sapling (10 damage)
             ... with a splash of acid
             ... on level 4 of the Dungeon.
             The game lasted 00:07:47 (827 turns).

Spectrina the Sneak (Deep Elf Monk)                  Turns: 827, Time: 00:07:47

Health: -6/22      AC:  2    Str: 14    XL:     3   Next: 8%
Magic:  5/5        EV: 13    Int: 15    God:
Gold:   57         SH:  0    Dex: 17    Spells: 2/2 levels left

rFire    . . .     SeeInvis .   a - +0 short sword
rCold    . . .     Faith    .   (no shield)
rNeg     . . .     Spirit   .   b - +0 robe
rPois    .         Reflect  .   (no helmet)
rElec    .         Harm     .   (no cloak)
rCorr    .         Rampage  .   (no gloves)
Will     .....                  (no boots)
Stlth    +++.......             (no amulet)
HPRegen  0.07/turn              d - +6 ring of strength
MPRegen  0.09/turn              (no ring)

@: no status effects
A: no striking features
a: no special abilities


You were on level 4 of the Dungeon.
You visited 1 branch of the dungeon, and saw 4 of its levels.

You collected 57 gold pieces.

Inventory:

Hand Weapons
 a - a +0 short sword (weapon)
 e - a +0 dagger
 i - a +0 hunting sling
Missiles
 c - 30 stones (quivered)
 f - 28 bolts
Armour
 b - a +0 robe (worn)
Jewellery
 d - a +6 ring of strength (left hand)
Scrolls
 h - a scroll of identify
Potions
 g - a potion of attraction


   Skills:
 - Level 2.4 Fighting
 - Level 3.0 Short Blades
 - Level 3.6 Dodging
 + Level 4.7 Stealth


You had 2 spell levels left.
You didn't know any spells.
Your spell library was empty.

Dungeon Overview and Level Annotations

Branches:
Dungeon (4/15)             Temple (0/1) D:4

Altars:

Shops:
D:4 (

Annotations:
D:3 Ijyb, Jessica
D:4 exclusion: oklob sapling


Message History

The orc priest shouts!
An orc comes into view. It is wielding a +0 dagger.
The orc moves out of view.
Found a bubbling amethyst potion.
An orc comes into view. It is wielding a +0 dagger.
Unknown command.
The orc moves out of view.
Unknown command.
Okay, then.
As you read the scroll labelled VOIQOTT IRYSCHI, it crumbles to dust.
It is a scroll of identify.
g - a potion of attraction
Found a stone staircase leading down.
Unknown command.
There is a stone staircase leading down here.
You climb downwards.
There is a stone staircase leading up here.
Unknown command.
You see here a jackal corpse.
An oklob sapling comes into view.
Marking area around an oklob sapling as unsafe for travelling.
Unknown command.
Unknown command.
Okay, then.
Unknown command.
Press: ? - help, v - describe, . - travel
Here: an oklob sapling The floor.
Unknown command.
The oklob sapling spits acid at you. The splash of acid hits you!
You are splashed with acid!
* * * LOW HITPOINT WARNING * * *
Unknown command.
Press: ? - help, v - describe, . - travel
Here: an oklob sapling The floor.
There is a staircase to the Ecumenical Temple here.
The oklob sapling spits acid at you. The splash of acid hits you!
You die...

.# #.#####.###.#
..# .#
#........##.##..#
##
#.#####.........#
#.# #......#.##
#.#####..##..# ..
#......P..P.P# ##
#.##.........# #
#.##...PP..P.# ##
#.##.#.P.@PPP# .##
......PPPPP.P# ..#
..#.....PPPP....#
).+
.........P.PP......
..#
#...#......####...#
.## # .#########
#.## ## .# .# # #


You could see an oklob sapling.

Vanquished Creatures
  An adder (D:2)
  3 endoplasms
  3 goblins
  2 hobgoblins (D:1)
  3 jackals (D:4)
  A kobold (D:1)
  A quokka (D:2)
  A bat (D:1)
  A frilled lizard (D:1)
  4 rats
20 creatures vanquished.

Vanquished Creatures (others)
  4 plants (D:4)
4 creatures vanquished.

Grand Total: 24 creatures vanquished

Notes
Turn   | Place    | Note
-------+----------+-------------------------------------------
     0 | D:1      | Spectrina the Deep Elf Monk began the quest for the Orb.
     0 | D:1      | Reached XP level 1. HP: 13/13 MP: 3/3
   174 | D:1      | Reached skill level 3 in Stealth
   237 | D:1      | Reached XP level 2. HP: 4/18 MP: 4/4
   440 | D:2      | Reached skill level 4 in Stealth
   529 | D:3      | Noticed Jessica
   589 | D:3      | Noticed Ijyb
   654 | D:4      | Reached XP level 3. HP: 10/22 MP: 5/5
   700 | D:4      | Found Myzeek's Weapon Shoppe.
   700 | D:4      | Found a staircase to the Ecumenical Temple.
   818 | D:4      | Noticed an oklob sapling
   827 | D:4      | Killed from afar by an oklob sapling

Illustrated notes

Levels and vault maps discovered:
D:1:      dpeg_arrival_prison, layout_basic, minmay_misc_feat_ornament
D:2:      minmay_inner_zag, layout_basic
D:3:      layout_basic, grunt_temple_overflow_order_and_chaos_2,
          lemuel_tele_altar, uniq_ijyb, uniq_jessica, uniq_crazy_yiuf_cottage
D:4:      layout_loops_corners, minmay_temple_entry_oklob, serial_shops,
          nicolae_shop_statue_plus, nicolae_stop_n_shop_1

Skill      XL: |  1  2 |
---------------+-------+-----
Stealth        | 3 4 |  4.7
Fighting       | |  2.4
Short Blades   | |  3.0
Dodging        | |  3.6

Action                   || total
-------------------------++-------
Melee: Short sword       ||    52
       Dagger            ||     7
  Use: Scroll            ||     1
 Stab: Sleeping          ||     4
Armor: Robe              ||     5
Dodge: Dodged            ||    27
